 Dungeon Crawl Stone Soup version 0.27.0-1-g7a089689b8 (webtiles) character file.

Game seed: 16311367430282984562

53 sasquatch the Cutter (level 4, -1/42 HPs)
             Began as a Kobold Berserker on Aug 7, 2021.
             Was a Believer of Trog.
             Slain by an iguana (8 damage)
             ... on level 3 of the Dungeon.
             The game lasted 00:02:26 (2421 turns).

sasquatch the Cutter (Kobold Berserker)             Turns: 2421, Time: 00:02:27

Health: -1/42      AC:  5    Str: 14    XL:     4   Next: 11%
Magic:  4/4        EV: 13    Int:  8    God:    Trog [**....]
Gold:   86         SH:  0    Dex: 15    Spells: 3/3 levels left

rFire    . . .     SeeInvis .   a - +0 short sword
rCold    . . .     Faith    .   (shield restricted)
rNeg     . . .     Spirit   .   q - +0 ring mail
rPois    .         Reflect  .   (no helmet)
rElec    .         Harm     .   (no cloak)
rCorr    .         Rampage  .   (no gloves)
Will     .....                  (no boots)
Stlth    ..........             (no amulet)
HPRegen  0.14/turn              (no ring)
MPRegen  0.09/turn              (no ring)

@: berserking, lethally poisoned (-1 -> -6), very quick
A: small, no large weapons, nightstalker 3
a: Renounce Religion, Berserk, Trog's Hand


You were on level 3 of the Dungeon.
You worshipped Trog.
Trog was pleased with you.
You visited 1 branch of the dungeon, and saw 3 of its levels.

You collected 86 gold pieces.

Inventory:

Hand Weapons
 a - a +0 short sword (weapon)
Missiles
 n - 12 poisoned darts (quivered)
Armour
 q - a +0 ring mail (worn)
Jewellery
 h - a +4 ring of evasion
 k - a ring of resist corrosion
Scrolls
 b - a scroll of torment {unknown}
 c - a scroll of blinking {unknown}
 d - a scroll of enchant armour {unknown}
 f - a scroll of silence {unknown}
 l - a scroll of amnesia {unknown}
 m - a scroll of teleportation {unknown}
 o - a scroll of fear {unknown}
 p - 2 scrolls of identify {unknown}
Potions
 e - a potion of berserk rage {unknown}
 g - a potion of attraction {unknown}
 i - a potion of resistance {unknown}
 j - a potion of heal wounds {unknown}


   Skills:
 - Level 3.2 Fighting
 + Level 5.6 Short Blades
 - Level 1.5 Armour
 - Level 2.4 Dodging
 + Level 2.6 Stealth


You had 3 spell levels left.
You didn't know any spells.
Your spell library was empty.

Dungeon Overview and Level Annotations

Branches:
Dungeon (3/15)

Altars:
Ashenzari


Innate Abilities, Weirdness & Mutations

You are small and have problems with some larger weapons.
You are completely attuned to the shadows.


Message History

The centaur skeleton barely misses you.
You hit the centaur skeleton.
The centaur skeleton is lightly damaged.
The centaur skeleton hits you. The centaur skeleton barely misses you.
You hit the centaur skeleton.
The centaur skeleton is moderately damaged.
The centaur skeleton closely misses you. x2
The adder barely misses you.
A red film seems to cover your vision as you go berserk!
You feel yourself moving faster!
You feel mighty!
The centaur skeleton hits you but does no damage.
The centaur skeleton kicks you. The adder bites you but does no damage.
The centaur skeleton barely misses you. The centaur skeleton misses you.
You hit the centaur skeleton.
The centaur skeleton is heavily damaged.
The adder misses you. The iguana bites you!
Unknown command.
You hit the centaur skeleton.
The centaur skeleton is heavily damaged.
The centaur skeleton hits you but does no damage.
The centaur skeleton misses you. The adder barely misses you.
Unknown command.
You hit the centaur skeleton.
The centaur skeleton is severely damaged.
The iguana bites you!
The centaur skeleton closely misses you.
The centaur skeleton kicks you.
* * * LOW HITPOINT WARNING * * *
The adder bites you.
* * * LOW HITPOINT WARNING * * *
You are poisoned.
The adder poisons you!
You completely miss the adder.
You feel sick.
You puncture the adder!
The adder is severely wounded.
You feel sick. The adder misses you.
The centaur skeleton hits you but does no damage.
The centaur skeleton kicks you but does no damage.
The iguana bites you!
You die...

#.##.##...#.#.
#.....^..†....
##.###.........###.
..............## #.
8. #.###.########
#. ..##......... #.
...#..######. #.
...ZS..# #.
8.##@.## ...l...#
.###...## ## ....#_
#. #...## #. ##


You could see an iguana, an adder and a centaur skeleton.

Vanquished Creatures
  An adder (D:3)
  2 ball pythons
  6 endoplasms
  2 giant cockroaches
  3 goblins
  3 hobgoblins
  3 jackals (D:3)
  4 kobolds
  2 quokkas
  4 bats
  7 frilled lizards
  6 rats
43 creatures vanquished.

Notes
Turn   | Place    | Note
-------+----------+-------------------------------------------
     0 | D:1      | sasquatch the Kobold Berserker began the quest for the Orb.
     0 | D:1      | Reached XP level 1. HP: 14/14 MP: 1/1
    50 | D:1      | Reached XP level 2. HP: 9/19 MP: 2/2
   509 | D:1      | Found a faded altar of an unknown god.
   591 | D:1      | Reached skill level 1 in Stealth
   809 | D:1      | Reached skill level 5 in Short Blades
  1071 | D:2      | Reached XP level 3. HP: 20/23 MP: 3/3
  1726 | D:2      | Reached ** piety under Trog
  2281 | D:3      | Reached XP level 4. HP: 20/28 MP: 4/4
  2410 | D:3      | Found a broken altar of Ashenzari.
  2421 | D:3      | Slain by an iguana

Illustrated notes

Levels and vault maps discovered:
D:1:      amcnicky_arrival_underground_garden, layout_loops_ring,
          chequers_ecumenical_altar_simple
D:2:      layout_loops_cross, kennysheep_doodads,
          chequers_serial_rivers_small_b, minmay_vboxes
D:3:      layout_basic, nicolae_overflow_hidden_temple, grunt_ministairs_10

Skill      XL: |  1  2  3 |
---------------+----------+-----
Stealth        | 1 2 |  2.6
Short Blades   | 5 |  5.6
Fighting       | |  3.2
Armour         | |  1.5
Dodging        | |  2.4

Action                   |  1- 3 |  4- 6 || total
-------------------------+-------+-------++-------
Melee: Short sword       |   104 |    27 ||   131
Invok: Berserk           |     1 |     1 ||     2
 Stab: Sleeping          |    12 |       ||    12
Armor: Animal skin       |     7 |       ||     7
       Ring mail         |    15 |    13 ||    28
Dodge: Dodged            |    52 |    21 ||    73
